[Event "Titled Tuesday Blitz May 03 Early 2022"]
[White "Lauridsen, Jesper Morch"]
[Black "Estrada Nieto, Julian"]
[WhiteFideId "1401890"]
[BlackFideId "5101018"]
[WhiteElo "2228"]
[BlackElo "2252"]
[Result "0-1"]
[Round "03"]
[TimeControl "180+1"]
[Date "2022.05.03"]
[WhiteClock "0:00:09"]
[BlackClock "0:00:20"]

1. e4 e5 2. Nf3 Nc6 3. d4 exd4 4. Bc4 Bc5 5. O-O d6 6. c3 Nf6 7. cxd4 Bb6 8. e5 dxe5 9. d5 Nd4 10. Nxe5 O-O 11. Be3 Nf5 12. Bxb6 axb6 13. Nc3 Re8 14. Re1 Nd6 15. Bf1 Bf5 16. h3 Nde4 17. Nxe4 Bxe4 18. Ng4 Nxg4 19. Qxg4 Qxd5 20. Rad1 Qf5 21. Qg3 c6 22. Bc4 Bd5 23. Rxe8+ Rxe8 24. Bxd5 cxd5 25. Qc7 h6 26. Qxb6 Re2 27. Qd4 Kh7 28. a4 Rc2 29. Qd3 Qxd3 30. Rxd3 Rxb2 31. Rxd5 Rb4 32. Rd7 f6 33. f3 Kg6 34. Kf2 h5 35. g4 h4 36. Ke3 Rb3+ 37. Rd3 Rb2 38. f4 Rg2 39. f5+ Kg5 40. Ke4 Ra2 41. Rb3 Rxa4+ 42. Kd5 Ra7 43. Ke6 Kf4 44. Kf7 b5+ 45. Kg6 Rb7 46. Rb4+ Ke3 47. Kh5 Kd3 48. Kxh4 Kc3 49. Rb1 b4 50. Rc1+ Kd2 51. Rg1 b3 52. g5 b2 53. g6 b1=Q 54. Rxb1 Rxb1 55. Kh5 Rf1 56. h4 Rxf5+ 57. Kg4 Re5 58. h5 Ke3 59. h6 gxh6 60. g7 Rg5+ 61. Kh4 Rxg7 0-1


[Site "https://www.chess.com"]

[Event "Titled Tuesday Blitz May 03 Early 2022"]
[White "Leiva, Gianmarco"]
[Black "Sarana, Alexey"]
[WhiteFideId "3804399"]
[BlackFideId "24133795"]
[WhiteElo "2323"]
[BlackElo "2666"]
[Result "0-1"]
[Round "03"]
[TimeControl "180+1"]
[Date "2022.05.03"]
[WhiteClock "0:00:59"]
[BlackClock "0:01:17"]

1. e4 c5 2. Nf3 d6 3. Bb5+ Nd7 4. a4 Nf6 5. Nc3 a6 6. Be2 Qa5 7. O-O b5 8. d3 b4 9. Nb1 e6 10. b3 Be7 11. Bb2 O-O 12. Nbd2 d5 13. exd5 exd5 14. Ne5 Qc7 15. d4 cxd4 16. Nxd7 Bxd7 17. Nf3 Ne4 18. Bxd4 a5 19. h3 Bf5 20. Bd3 h6 21. Qc1 Bd6 22. Qb2 f6 23. Qc1 Rfe8 24. Qb2 Re7 25. Rae1 Rae8 26. Bb5 Rc8 27. Ba6 Ra8 28. Bd3 Rae8 29. Bb5 Bd7 30. Bxd7 Qxd7 31. Qc1 Bc7 32. Qd1 Qd6 33. Qd3 Ng5 0-1


[Site "https://www.chess.com"]

[Event "Titled Tuesday Blitz May 03 Early 2022"]
[White "Levitskiy, Andrey"]
[Black "Andreikin, Dmitry"]
[WhiteFideId "14132885"]
[BlackFideId "4158814"]
[WhiteElo "2301"]
[BlackElo "2736"]
[Result "0-1"]
[Round "03"]
[TimeControl "180+1"]
[Date "2022.05.03"]
[WhiteClock "0:00:05"]
[BlackClock "0:01:40"]

1. e4 c5 2. Nf3 e6 3. d4 cxd4 4. Nxd4 Nc6 5. Nc3 Qc7 6. g3 a6 7. Bg2 Nf6 8. O-O Nxd4 9. Qxd4 Bc5 10. Bf4 d6 11. Qd2 h6 12. Rad1 e5 13. Be3 Bxe3 14. fxe3 Be6 15. Qxd6 Rc8 16. Qxc7 Rxc7 17. Rd2 Rxc3 18. bxc3 Nd7 19. Rd6 Ke7 20. Rfd1 Nc5 21. Rb6 Rc8 22. Rd5 Bxd5 23. exd5 Rd8 24. c4 Rd6 25. Rb1 Kd7 26. Kf2 Kc7 27. Ke2 Rb6 28. Rxb6 Kxb6 29. d6 e4 30. Bh3 Kc6 31. d7 Nxd7 32. Bxd7+ Kxd7 33. Kd2 Kd6 34. Kc3 Kc5 35. Kb3 f5 36. a3 Kd6 37. Kb4 g5 38. a4 Ke5 39. Kc3 f4 40. exf4+ gxf4 41. gxf4+ Kxf4 42. Kd2 Kf3 43. Ke1 a5 44. c5 Ke3 45. h4 h5 46. c3 Kd3 47. Kf2 Kd2 0-1


[Site "https://www.chess.com"]

[Event "Titled Tuesday Blitz May 03 Early 2022"]
[White "Liyanage, Ranindu Dilshan"]
[Black "Babazada, Khazar"]
[WhiteFideId "9915834"]
[BlackFideId "13413554"]
[WhiteElo "1858"]
[BlackElo "2406"]
[Result "0-1"]
[Round "03"]
[TimeControl "180+1"]
[Date "2022.05.03"]
[WhiteClock "0:00:05"]
[BlackClock "0:00:14"]

1. e4 Nf6 2. e5 Nd5 3. d4 Nb6 4. Nf3 d6 5. Be2 g6 6. O-O Bg7 7. Bf4 O-O 8. Nc3 Nc6 9. exd6 cxd6 10. a4 Bg4 11. a5 Nd7 12. Be3 a6 13. h3 Bxf3 14. Bxf3 Nf6 15. d5 Ne5 16. Be2 Rc8 17. Na4 Nfd7 18. Nb6 Nxb6 19. Bxb6 Qd7 20. Bd4 g5 21. b3 h6 22. c4 f5 23. Qd2 e6 24. dxe6 Qxe6 25. Rae1 Kh8 26. Bh5 Qf6 27. Ba1 Rcd8 28. f4 gxf4 29. Qxf4 Qg5 30. Qxg5 hxg5 31. Rd1 Nc6 32. Bxg7+ Kxg7 33. Rd5 Ne7 34. Rd4 Nc6 35. Rd5 Ne7 36. Rd4 Kf6 37. Bf3 Nc6 38. Rd5 Ne7 39. Rd4 Rd7 40. Rfd1 Rfd8 41. c5 d5 42. b4 Ke5 43. b5 axb5 44. Rb4 Nc6 45. Rxb5 Nd4 46. Re1+ Kf6 47. Rb6+ Kg7 48. Bd1 Rc8 49. Rd6 Rxd6 50. cxd6 Rd8 51. Re7+ Kf6 52. Rxb7 Rxd6 53. Bf3 Ke5 54. Kf2 Nxf3 55. Kxf3 Ra6 56. Rb5 Kd4 57. Ke2 Kc4 58. Rb8 Rxa5 59. Rf8 d4 60. Rc8+ Rc5 61. Rg8 Kc3 62. Rxg5 d3+ 63. Kd1 Ra5 64. Ke1 d2+ 65. Ke2 Re5+ 0-1


[Site "https://www.chess.com"]

[Event "Titled Tuesday Blitz May 03 Early 2022"]
[White "Ljukin, Sergei"]
[Black "Zanette, Edgard Vinicius"]
[WhiteFideId "14102200"]
[BlackFideId "2109263"]
[WhiteElo "2312"]
[BlackElo "2182"]
[Result "0-1"]
[Round "03"]
[TimeControl "180+1"]
[Date "2022.05.03"]
[WhiteClock "0:00:59"]
[BlackClock "0:00:30"]

1. e4 e5 2. Nf3 Nc6 3. Bb5 a6 4. Ba4 Nf6 5. Qe2 b5 6. Bb3 Bc5 7. c3 d6 8. d3 O-O 9. Bg5 Be6 10. Bd5 Bxd5 11. exd5 Nb8 12. Nbd2 Nbd7 13. Ne4 Bb6 14. O-O-O h6 15. Bh4 Qe7 16. g4 g5 17. Bg3 Nxd5 18. h4 Nf4 19. Bxf4 gxf4 20. g5 d5 21. Ned2 h5 22. Nh2 f5 23. Qxh5 Bxf2 24. Qf3 Be3 25. Qxd5+ Qf7 26. Qxf7+ Kxf7 27. Kc2 Nb6 28. Nhf3 Ke6 29. d4 e4 30. Ne5 Nd5 31. c4 Nb4+ 32. Kb3 a5 33. cxb5 Bxd4 34. Nc6 Nxc6 35. bxc6 Rfb8+ 36. Ka3 Bxb2+ 0-1


[Site "https://www.chess.com"]

[Event "Titled Tuesday Blitz May 03 Early 2022"]
[White "Lopez, Henry"]
[Black "Coto Mederos, Michel"]
[WhiteFideId "5203830"]
[BlackFideId "3508528"]
[WhiteElo "2177"]
[BlackElo "2427"]
[Result "0-1"]
[Round "03"]
[TimeControl "180+1"]
[Date "2022.05.03"]
[WhiteClock "0:00:01"]
[BlackClock "0:00:07"]

1. d4 d5 2. Nf3 Nf6 3. c4 e6 4. Nc3 Be7 5. Bg5 h6 6. Bh4 O-O 7. e3 Ne4 8. Bxe7 Qxe7 9. Qc2 Nxc3 10. bxc3 c6 11. Bd3 Nd7 12. cxd5 exd5 13. O-O Nf6 14. a4 Be6 15. Rfe1 Rac8 16. Ne5 Nd7 17. f4 Nxe5 18. dxe5 Bd7 19. a5 f6 20. e4 fxe5 21. exd5 Rxf4 22. Qe2 Rcf8 23. Qxe5 Qc5+ 24. Qe3 Qxe3+ 25. Rxe3 cxd5 26. h3 d4 27. cxd4 Rxd4 28. Rc1 Bc6 29. a6 Rd7 30. Rc5 Rfd8 31. Bc4+ Kh8 32. axb7 Bxb7 33. Rce5 Rd2 34. Be2 Rc8 35. Re7 Rb2 36. Re8+ Rxe8 37. Rxe8+ Kh7 38. h4 Kg6 39. Re3 Kf6 40. g3 a5 41. Kf1 a4 42. Rc3 Bd5 43. Rc5 Bb3 44. Ra5 Rd2 45. Ke1 Rc2 46. Bb5 Ra2 47. Be2 a3 48. Bd3 Ra1+ 49. Kd2 a2 50. Kc3 Bf7 0-1


[Site "https://www.chess.com"]

[Event "Titled Tuesday Blitz May 03 Early 2022"]
[White "Manon, Reja Neer"]
[Black "Turutin, Alexander"]
[WhiteFideId "10224009"]
[BlackFideId "4180623"]
[WhiteElo "1911"]
[BlackElo "2402"]
[Result "0-1"]
[Round "03"]
[TimeControl "180+1"]
[Date "2022.05.03"]
[WhiteClock "0:00:13"]
[BlackClock "0:00:10"]

1. e4 c6 2. d4 d5 3. Nc3 dxe4 4. Nxe4 Bf5 5. Ng3 Bg6 6. h4 h6 7. h5 Bh7 8. Nf3 Nf6 9. Bd3 Bxd3 10. Qxd3 Nbd7 11. c4 e6 12. Bd2 Bd6 13. O-O-O Qc7 14. Ne2 Ng4 15. Rdf1 c5 16. Rh4 f5 17. d5 Nge5 18. Qe3 exd5 19. Nxe5 Nxe5 20. cxd5 O-O-O 21. Nf4 Nc4 22. Qd3 Nxd2 23. Ne6 Qa5 24. Nxd8 Nxf1 25. Nf7 Be7 26. Qxf1 Bxh4 27. Nd6+ Kb8 28. Nxf5 Bg5+ 29. f4 Bf6 30. Qe2 Rd8 31. d6 Qxa2 0-1


[Site "https://www.chess.com"]

[Event "Titled Tuesday Blitz May 03 Early 2022"]
[White "Manukian, Artak"]
[Black "Kim, Sergey"]
[WhiteFideId "13301373"]
[BlackFideId "13700570"]
[WhiteElo "2376"]
[BlackElo "2571"]
[Result "0-1"]
[Round "03"]
[TimeControl "180+1"]
[Date "2022.05.03"]
[WhiteClock "0:00:04"]
[BlackClock "0:00:26"]

1. e4 e5 2. Nf3 Nc6 3. Bc4 Bc5 4. c3 Nf6 5. d3 d6 6. b4 Bb6 7. a4 a6 8. a5 Ba7 9. O-O h6 10. Be3 O-O 11. Bxa7 Rxa7 12. Qe2 Nh5 13. Nbd2 Nf4 14. Qe3 Qf6 15. g3 Nh3+ 16. Kg2 Ra8 17. Ng1 Nxg1 18. Rxg1 Ne7 19. Raf1 Ng6 20. Nb1 c6 21. f4 exf4 22. gxf4 Re8 23. Kh1 Be6 24. f5 Bxf5 25. Rxf5 Qxf5 26. exf5 Rxe3 27. fxg6 d5 28. gxf7+ Kxf7 29. Rf1+ Kg8 30. Bb3 Rxd3 31. Bc2 Re3 32. Kg2 Re2+ 33. Rf2 Rxf2+ 34. Kxf2 Kf7 35. Nd2 Kf6 36. Nb3 Ke5 37. Nc5 Rf8+ 38. Ke3 Rf7 39. Bg6 Re7 40. Kd3 Kf6 41. Bh5 Kg5 42. Bf3 Kf4 43. Bh5 g5 44. h3 Kg3 45. Bg4 h5 46. Bc8 g4 47. hxg4 h4 48. Bxb7 Rxb7 49. Nxb7 h3 50. Nd6 h2 51. Nf5+ Kf4 52. Nd4 h1=Q 53. Nxc6 Qe4+ 54. Kd2 Qe3+ 55. Kc2 Kxg4 56. Nd4 Kf4 57. Nb3 Qe2+ 58. Kc1 Ke3 59. Nc5 Qd2+ 60. Kb1 Qxc3 61. Nxa6 Qd3+ 0-1


[Site "https://www.chess.com"]

[Event "Titled Tuesday Blitz May 03 Early 2022"]
[White "Manukyan, Sargis A."]
[Black "Maksimovic, Bojan"]
[WhiteFideId "13303970"]
[BlackFideId "14408120"]
[WhiteElo "2187"]
[BlackElo "2448"]
[Result "0-1"]
[Round "03"]
[TimeControl "180+1"]
[Date "2022.05.03"]
[WhiteClock "0:01:15"]
[BlackClock "0:02:02"]

1. d4 Nf6 2. c4 d6 3. Nc3 Nfd7 4. Nf3 e5 5. dxe5 dxe5 6. g3 Bb4 7. Bg2 Bxc3+ 8. bxc3 O-O 9. O-O f6 10. a4 a5 11. Ba3 Re8 12. c5 Nc6 13. Qb3+ Kh8 14. Rfd1 Qe7 15. Nh4 Nf8 16. Bxc6 bxc6 17. f3 Be6 18. Qc2 Qf7 19. Rab1 Rab8 20. Ng2 Bb3 21. Qc1 Bxd1 22. Qxd1 Rxb1 23. Qxb1 Qc4 24. Ne3 Qxe2 25. Bc1 Qxf3 26. Qb7 Ne6 27. Qb3 Ng5 28. h4 Qxg3+ 29. Kf1 Qxh4 30. Bd2 Qh1+ 31. Ke2 Qf3+ 32. Kd3 Rd8+ 33. Kc2 Qe2 34. Nc4 Ne4 35. Kb2 h6 0-1


[Site "https://www.chess.com"]

[Event "Titled Tuesday Blitz May 03 Early 2022"]
[White "Martinez Alcantara, Jose Eduardo"]
[Black "Namitbir Singh Walia"]
[WhiteFideId "3805662"]
[BlackFideId "35071068"]
[WhiteElo "2690"]
[BlackElo "1565"]
[Result "1-0"]
[Round "03"]
[TimeControl "180+1"]
[Date "2022.05.03"]
[WhiteClock "0:01:32"]
[BlackClock "0:00:11"]

1. e4 e5 2. Nf3 Nc6 3. Bb5 a6 4. Ba4 Nf6 5. d3 b5 6. Bb3 d6 7. a4 Bb7 8. Nc3 Be7 9. O-O b4 10. Nd5 Nxd5 11. Bxd5 O-O 12. d4 exd4 13. Nxd4 Na5 14. Nf5 Bf6 15. Qg4 Kh8 16. Bd2 c6 17. Ba2 c5 18. Rad1 Qc8 19. Bg5 Bxb2 20. Rxd6 Re8 21. f3 c4 22. Kh1 Be5 23. Bf6 Bxf6 24. Rxf6 Rg8 25. Rxf7 b3 26. cxb3 cxb3 27. Bb1 Qe6 28. Qh5 Raf8 29. Rxf8 Rxf8 30. Nxg7 Kxg7 31. Qxa5 Qc4 32. Rg1 Rd8 33. Qg5+ Kf7 34. Qxd8 b2 35. Qd7+ 1-0


[Site "https://www.chess.com"]

[Event "Titled Tuesday Blitz May 03 Early 2022"]
[White "Matveeva, Olga"]
[Black "Nguyen, Hong Anh"]
[WhiteFideId "24107018"]
[BlackFideId "12406732"]
[WhiteElo "2083"]
[BlackElo "2016"]
[Result "1-0"]
[Round "03"]
[TimeControl "180+1"]
[Date "2022.05.03"]
[WhiteClock "0:01:37"]
[BlackClock "0:00:10"]

1. d4 Nf6 2. c4 g6 3. g3 Bg7 4. Bg2 d5 5. cxd5 Nxd5 6. Nf3 O-O 7. O-O Nc6 8. Nc3 Nb6 9. e3 Re8 10. Re1 e5 11. d5 Na5 12. e4 c6 13. b3 cxd5 14. exd5 e4 15. Nxe4 Bxa1 16. Bg5 f6 17. Bxf6 Bxf6 18. Nxf6+ Qxf6 19. Rxe8+ Kf7 20. Qe1 Bg4 21. Rxa8 Nxa8 22. Ne5+ Kf8 23. Nxg4 Qd8 24. d6 Nc6 25. Qe6 Nb6 26. Nh6 Kg7 27. Bxc6 bxc6 28. Qe7+ 1-0


[Site "https://www.chess.com"]

[Event "Titled Tuesday Blitz May 03 Early 2022"]
[White "Melaugh, Shane"]
[Black "Souleidis, Georgios"]
[WhiteFideId "2509580"]
[BlackFideId "4206827"]
[WhiteElo "1972"]
[BlackElo "2401"]
[Result "0-1"]
[Round "03"]
[TimeControl "180+1"]
[Date "2022.05.03"]
[WhiteClock "0:00:06"]
[BlackClock "0:00:14"]

1. c4 e5 2. Nc3 Nc6 3. g3 Bc5 4. Bg2 a6 5. e3 d6 6. Nge2 Ba7 7. O-O h5 8. h3 f5 9. d4 h4 10. dxe5 Nxe5 11. Nf4 hxg3 12. fxg3 c6 13. b3 Nf6 14. Nd3 Qe7 15. Re1 Be6 16. Ne2 O-O-O 17. Nd4 Ne4 18. Nf4 Bd7 19. g4 g5 20. Nd3 Qh7 21. Bxe4 fxe4 22. Nf2 Bxd4 23. exd4 Nf3+ 24. Kg2 Nxe1+ 25. Qxe1 Rdf8 26. Bxg5 Rxf2+ 27. Kxf2 Qxh3 28. Qg1 Rf8+ 29. Ke1 Qc3+ 30. Ke2 Qd3+ 31. Ke1 Qc3+ 32. Ke2 Qc2+ 33. Ke1 Qb2 34. Rd1 Qxa2 35. Bd2 Qxb3 36. Qe3 Qxc4 37. Qxe4 Re8 38. Qxe8+ Bxe8 39. Be3 Bd7 40. Kf2 Bxg4 41. Rd2 Qf7+ 42. Ke1 Be6 43. Rf2 Qg6 44. Kd2 Bc4 45. Bf4 Qd3+ 46. Ke1 Qe4+ 47. Kd2 Qxd4+ 48. Ke1 Qe4+ 49. Kd2 Kd7 50. Be3 Qd3+ 0-1


[Site "https://www.chess.com"]

[Event "Titled Tuesday Blitz May 03 Early 2022"]
[White "Melian, Juan Sebastian"]
[Black "Sychev, Klementy"]
[WhiteFideId "3706575"]
[BlackFideId "4114060"]
[WhiteElo "1842"]
[BlackElo "2564"]
[Result "0-1"]
[Round "03"]
[TimeControl "180+1"]
[Date "2022.05.03"]
[WhiteClock "0:01:10"]
[BlackClock "0:02:29"]

1. d4 g6 2. Nf3 Bg7 3. c3 d6 4. Bg5 Nc6 5. Nbd2 Nf6 6. e4 O-O 7. Qc2 h6 8. Bh4 e5 9. dxe5 dxe5 10. Bb5 Qe7 11. Bxc6 bxc6 12. O-O Qe6 13. Rfd1 Nh5 14. Nf1 Nf4 15. Bg3 Ba6 16. Ne3 Be2 17. Rd2 Bxf3 18. gxf3 Nh3+ 19. Kg2 Ng5 20. Qd1 Qh3+ 21. Kg1 h5 22. f4 exf4 23. Bxf4 Nf3+ 24. Kh1 Nxd2 25. Qxd2 Qf3+ 26. Ng2 Qxe4 27. Re1 Qf3 28. Re3 Qd5 29. Rd3 Qxa2 30. Bxc7 Qb1+ 31. Ne1 Rfe8 32. Re3 Rxe3 33. fxe3 0-1


[Site "https://www.chess.com"]

[Event "Titled Tuesday Blitz May 03 Early 2022"]
[White "Melikhov, Evgeny V."]
[Black "Wagner, Dinara"]
[WhiteFideId "4122046"]
[BlackFideId "24157570"]
[WhiteElo "1931"]
[BlackElo "2216"]
[Result "0-1"]
[Round "03"]
[TimeControl "180+1"]
[Date "2022.05.03"]
[WhiteClock "0:00:47"]
[BlackClock "0:01:04"]

1. d4 Nf6 2. c4 e6 3. Nc3 Bb4 4. Qc2 O-O 5. e4 d5 6. e5 Ne4 7. Bd3 c5 8. Nf3 cxd4 9. Nxd4 Nd7 10. Bf4 Ndc5 11. O-O Bxc3 12. bxc3 b6 13. cxd5 exd5 14. Be2 Ba6 15. Bxa6 Nxa6 16. f3 Nec5 17. Rad1 Rc8 18. Qf2 Nc7 19. Qg3 N7e6 20. Nf5 Kh8 21. Nd6 Rc7 22. Rxd5 Qa8 23. Rfd1 Na4 24. Nb5 Rcc8 25. Bg5 a6 26. Nd6 Nxc3 27. Nxc8 Ne2+ 28. Kf2 Nxg3 29. Kxg3 Qxc8 30. Be7 Re8 31. Bd6 h6 32. h3 Qc4 33. R1d2 Qf4+ 34. Kf2 Rc8 35. a3 Kh7 36. g3 Qa4 37. f4 Rc3 38. f5 Qe4 39. fxe6 Qf3+ 40. Ke1 Re3+ 0-1


[Site "https://www.chess.com"]

[Event "Titled Tuesday Blitz May 03 Early 2022"]
[White "Melikyan, Gnel"]
[Black "Shohat, Yotam"]
[WhiteFideId "54109990"]
[BlackFideId "2813955"]
[WhiteElo "1772"]
[BlackElo "2119"]
[Result "1-0"]
[Round "03"]
[TimeControl "180+1"]
[Date "2022.05.03"]
[WhiteClock "0:00:48"]
[BlackClock "0:00:04"]

1. e4 c5 2. Nf3 Nc6 3. Bb5 Nf6 4. d3 g6 5. O-O Bg7 6. Nc3 O-O 7. h3 d6 8. Bxc6 bxc6 9. e5 Nd7 10. exd6 exd6 11. Ne4 d5 12. Ng3 Rb8 13. Rb1 Qa5 14. a3 Ba6 15. Re1 Rfe8 16. Rxe8+ Rxe8 17. Bd2 Qa4 18. Nf1 Rb8 19. Qc1 c4 20. dxc4 Qxc4 21. Ne3 Qe2 22. b3 h5 23. a4 d4 24. Nf1 d3 25. c4 Nc5 26. Qa3 Ne4 27. Re1 Qxf2+ 28. Kh1 Bf8 29. Qb2 Nxd2 30. N1xd2 Qg3 31. Qc3 Rd8 32. Re3 Bg7 33. Qa5 Qf4 34. Qxd8+ Kh7 35. Qxd3 1-0


[Site "https://www.chess.com"]

[Event "Titled Tuesday Blitz May 03 Early 2022"]
[White "Meshkovs, Nikita"]
[Black "Grischuk, Alexander"]
[WhiteFideId "11602740"]
[BlackFideId "4126025"]
[WhiteElo "2506"]
[BlackElo "2762"]
[Result "1/2-1/2"]
[Round "03"]
[TimeControl "180+1"]
[Date "2022.05.03"]
[WhiteClock "0:00:05"]
[BlackClock "0:01:05"]

1. d4 e6 2. c4 b6 3. Nf3 Bb7 4. g3 Bb4+ 5. Bd2 Bxf3 6. exf3 Bxd2+ 7. Qxd2 Ne7 8. Nc3 O-O 9. f4 d5 10. Bg2 c6 11. b3 Nd7 12. O-O Nf6 13. a4 a5 14. Rac1 Qd7 15. cxd5 cxd5 16. Nb5 Rfc8 17. Rxc8+ Rxc8 18. Rc1 h6 19. Rc3 Rxc3 20. Qxc3 Nc6 21. f3 Ne8 22. Bf1 g6 23. Na3 Nd6 24. Bb5 Nxb5 25. Nxb5 Kg7 26. Kg2 Nb4 27. Qe3 Nc6 28. h4 h5 29. Qe1 Kg8 30. Qc3 Nb4 31. Kf2 Kf8 32. Ke2 Ke7 33. Kd2 Nc6 34. Qe3 Kd8 35. Qe1 Kc8 36. Qc1 Kb7 37. Qc3 Qe7 38. Kc2 f6 39. Kb2 Qd7 40. Qe1 Nb4 41. Qc3 Na6 42. Qe3 Nc7 43. Nxc7 Kxc7 44. Qc3+ Kb7 45. Qd3 Qe8 46. Qe2 Qe7 47. Qd3 Qb4 48. Kc2 f5 49. Qe3 Qd6 50. Qe5 Qc6+ 51. Kd2 b5 52. axb5 Qxb5 53. Qxe6 Qxb3 54. Qd7+ Kb6 55. Qd6+ Kb5 56. Qxg6 a4 57. Qxf5 Kc4 58. Qc2+ Qxc2+ 59. Kxc2 Kxd4 60. g4 hxg4 61. fxg4 Ke3 62. h5 d4 63. h6 Ke2 64. h7 d3+ 65. Kb2 d2 66. h8=Q d1=Q 67. Qe5+ Kf3 68. g5 Qb3+ 69. Ka1 Qa3+ 70. Kb1 Qd3+ 71. Kb2 Qb3+ 72. Ka1 Qa3+ 73. Kb1 Qd3+ 74. Kb2 Qb3+ 1/2-1/2


[Site "https://www.chess.com"]

[Event "Titled Tuesday Blitz May 03 Early 2022"]
[White "Mikhailovsky, Vladimir"]
[Black "Zhao, Jun"]
[WhiteFideId "34105414"]
[BlackFideId "8602522"]
[WhiteElo "2349"]
[BlackElo "2547"]
[Result "1/2-1/2"]
[Round "03"]
[TimeControl "180+1"]
[Date "2022.05.03"]
[WhiteClock "0:00:44"]
[BlackClock "0:00:14"]

1. e4 e5 2. Nf3 Nc6 3. Nc3 Nf6 4. d4 exd4 5. Nxd4 Bb4 6. Nxc6 bxc6 7. Bd3 O-O 8. O-O d5 9. exd5 cxd5 10. h3 c6 11. Qf3 Bd6 12. Re1 Rb8 13. b3 Be6 14. Bf4 Rb4 15. Ne2 h6 16. c3 Rb7 17. Rad1 Re8 18. c4 Bb4 19. Rf1 Bc5 20. Nc3 Rd7 21. Na4 Bf8 22. Rfe1 dxc4 23. Bxc4 Bxc4 24. bxc4 Rxe1+ 25. Rxe1 Qa5 26. Nc3 Qf5 27. Re5 Qd3 28. Qxd3 Rxd3 29. Re3 Rd4 30. Bb8 Rxc4 31. Bxa7 Bb4 32. Ne2 Nd5 33. Rb3 Rc2 34. Nd4 Rxa2 35. Nxc6 Ra1+ 36. Kh2 Bd6+ 37. g3 Ra6 38. Rd3 Rxc6 39. Rxd5 1/2-1/2


[Site "https://www.chess.com"]

[Event "Titled Tuesday Blitz May 03 Early 2022"]
[White "Mikhnenko, Alexander"]
[Black "Ismayil, Malak"]
[WhiteFideId "34143014"]
[BlackFideId "13412604"]
[WhiteElo "2117"]
[BlackElo "1879"]
[Result "1-0"]
[Round "03"]
[TimeControl "180+1"]
[Date "2022.05.03"]
[WhiteClock "0:02:33"]
[BlackClock "0:01:32"]

1. e4 e5 2. Nf3 Nc6 3. Bb5 a6 4. Ba4 Nf6 5. O-O b5 6. Bb3 Bc5 7. c3 O-O 8. a4 Rb8 9. d4 Bd6 10. Bg5 h6 11. Bh4 Qe7 12. Nbd2 g5 13. Nxg5 hxg5 14. Bxg5 exd4 15. f4 dxc3 16. e5 Bc5+ 17. Kh1 cxd2 18. Bxf6 1-0


[Site "https://www.chess.com"]

[Event "Titled Tuesday Blitz May 03 Early 2022"]
[White "Mirzoev, Azer"]
[Black "Rasulov, Vugar"]
[WhiteFideId "13400304"]
[BlackFideId "13402390"]
[WhiteElo "2525"]
[BlackElo "2560"]
[Result "0-1"]
[Round "03"]
[TimeControl "180+1"]
[Date "2022.05.03"]
[WhiteClock "0:00:09"]
[BlackClock "0:00:20"]

1. Nf3 Nf6 2. c4 b6 3. g3 Bb7 4. Bg2 c5 5. O-O g6 6. b3 Bg7 7. Bb2 O-O 8. Nc3 d6 9. d4 Nbd7 10. d5 a6 11. a4 Ne4 12. Qc2 Nxc3 13. Bxc3 Nf6 14. e4 b5 15. axb5 axb5 16. e5 Nh5 17. h4 Qb6 18. Rfe1 Rxa1 19. Rxa1 Bc8 20. Qd2 Bf5 21. exd6 exd6 22. Bxg7 Kxg7 23. Qa5 Qxa5 24. Rxa5 b4 25. Ra6 Rd8 26. Nd2 Nf6 27. f3 h5 28. Kf2 Kf8 29. Bf1 Ke7 30. Be2 Re8 31. Bd1 Rd8 32. Ra7+ Kf8 33. Ra6 Kg7 34. Ke3 Re8+ 35. Kf2 Rd8 36. Ke3 Ne8 37. Be2 Kf6 38. Bd3 Bxd3 39. Kxd3 Ke7 40. Ne4 Nf6 41. Nxf6 Kxf6 42. Ke4 Ke7 43. Ra7+ Kf6 44. Ra6 g5 45. hxg5+ Kxg5 46. Ke3 f5 47. Ra7 Re8+ 48. Kf2 f4 49. Rg7+ Kf6 50. Rd7 fxg3+ 51. Kxg3 Ke5 52. f4+ Kd4 53. Rxd6 Re3+ 54. Kh4 Rxb3 55. f5 Rf3 56. f6 b3 57. Kg5 Kxc4 58. Rb6 Kxd5 59. Kg6 c4 60. f7 Rxf7 61. Kxf7 h4 62. Kf6 h3 63. Kf5 h2 64. Rh6 b2 65. Rxh2 b1=Q+ 66. Kf6 Qb6+ 67. Kg5 Qe3+ 0-1


[Site "https://www.chess.com"]

[Event "Titled Tuesday Blitz May 03 Early 2022"]
[White "Miszler, Levente"]
[Black "Borgaonkar Akshay"]
[WhiteFideId "763276"]
[BlackFideId "25639110"]
[WhiteElo "1966"]
[BlackElo "1624"]
[Result "1-0"]
[Round "03"]
[TimeControl "180+1"]
[Date "2022.05.03"]
[WhiteClock "0:00:26"]
[BlackClock "0:01:08"]

1. Nf3 Nf6 2. c4 c5 3. d4 cxd4 4. Nxd4 g6 5. g3 Bg7 6. Bg2 O-O 7. O-O Nc6 8. Nc3 d6 9. Nxc6 bxc6 10. Bxc6 Rb8 11. Bf3 Qc7 12. Rb1 Qxc4 13. Bd2 Bh3 14. Re1 Qe6 15. Bg5 h6 16. Bf4 Bg4 17. Qd2 Bxf3 18. exf3 Qd7 19. Rbd1 g5 20. Be3 Qf5 21. Bd4 e5 22. Bxa7 Ra8 23. Be3 Qxf3 24. Qxd6 Ng4 25. Qd5 Qf5 26. Bc5 Rfc8 27. Ne4 Qf3 28. Rd3 Nf6 29. Qxa8 Qf5 30. Nd6 1-0


[Site "https://www.chess.com"]

[Event "Titled Tuesday Blitz May 03 Early 2022"]
[White "Mohammadian, Mohammad"]
[Black "Lashkin, Jegor"]
[WhiteFideId "12566055"]
[BlackFideId "13907808"]
[WhiteElo "1544"]
[BlackElo "2368"]
[Result "0-1"]
[Round "03"]
[TimeControl "180+1"]
[Date "2022.05.03"]
[WhiteClock "0:01:06"]
[BlackClock "0:02:07"]

1. e4 g6 2. d4 Bg7 3. Be3 b6 4. Nf3 Bb7 5. Nc3 e6 6. Bd3 Ne7 7. Qd2 h6 8. O-O-O d6 9. h4 Nbc6 10. g4 Nb4 11. Kb1 Nxd3 12. cxd3 Qd7 13. Rc1 c5 14. dxc5 dxc5 15. Rhd1 Nc6 16. d4 cxd4 17. Nxd4 Ne5 18. f3 Nc4 19. Qf2 Nxe3 20. Qxe3 Qe7 21. Ndb5 O-O 22. Rd3 Rfd8 23. Rcd1 Rxd3 24. Qxd3 Bc6 25. Na3 Qxh4 26. Nc2 Rc8 27. Ne3 Qe7 28. Ne2 Qb4 29. Nf4 Qxb2# 0-1


[Site "https://www.chess.com"]

[Event "Titled Tuesday Blitz May 03 Early 2022"]
[White "Moiseenko, Alexander"]
[Black "Nagy, Gabor"]
[WhiteFideId "14102560"]
[BlackFideId "737119"]
[WhiteElo "2577"]
[BlackElo "2534"]
[Result "1-0"]
[Round "03"]
[TimeControl "180+1"]
[Date "2022.05.03"]
[WhiteClock "0:00:24"]
[BlackClock "0:00:39"]

1. d4 Nf6 2. Bg5 Ne4 3. Bf4 d5 4. f3 Nf6 5. e4 e6 6. e5 Nfd7 7. Be3 c5 8. c3 Nc6 9. f4 a5 10. Nf3 a4 11. Bd3 Qb6 12. Qd2 cxd4 13. cxd4 a3 14. bxa3 Rxa3 15. O-O Bb4 16. Qe2 Ra8 17. f5 exf5 18. Bxf5 Ne7 19. Bd3 Nf8 20. Ng5 Be6 21. Qf2 Nfg6 22. h4 h6 23. Nxe6 fxe6 24. Bxg6+ Kd7 25. Bd3 Rhf8 26. Qe2 Rxf1+ 27. Qxf1 Nc6 28. Qf7+ Be7 29. Nd2 Nxd4 30. Qf2 Bc5 31. Rb1 Qa7 32. Qf7+ Be7 33. Kh1 Rf8 34. Qxg7 Qa4 35. Rxb7+ Kc8 36. Qxe7 Qd1+ 37. Bg1 Qxg1+ 38. Kxg1 Ne2+ 39. Bxe2 1-0


[Site "https://www.chess.com"]

[Event "Titled Tuesday Blitz May 03 Early 2022"]
[White "Molina, Roberto Junio Brito"]
[Black "Plotnikov, Pavel"]
[WhiteFideId "2109450"]
[BlackFideId "4170342"]
[WhiteElo "2432"]
[BlackElo "2298"]
[Result "0-1"]
[Round "03"]
[TimeControl "180+1"]
[Date "2022.05.03"]
[WhiteClock "0:00:03"]
[BlackClock "0:00:15"]

1. d4 Nf6 2. Nf3 g6 3. e3 Bg7 4. Be2 O-O 5. O-O d6 6. b3 b6 7. c4 Bb7 8. Bb2 Nbd7 9. d5 e5 10. Nc3 Ne8 11. Qc2 f5 12. Rae1 h6 13. Nd2 Nef6 14. f4 a5 15. a3 Qe7 16. Kh1 Rae8 17. b4 axb4 18. axb4 c5 19. dxc6 Bxc6 20. Bf3 e4 21. Be2 Nh7 22. Nb3 g5 23. Nd4 Bxd4 24. exd4 gxf4 25. Rxf4 Qg5 26. Ref1 Re7 27. d5 Bb7 28. Nb5 Qg6 29. Qc3 Ne5 30. Nd4 Rg7 31. g3 Bc8 32. Qe3 Bd7 33. Rh4 Ng5 34. Bh5 Qf6 35. Be2 Qg6 36. Bc3 Rc8 37. Nb3 Re7 38. Nd2 Rf8 39. Bd4 Ng4 40. Qf4 e3 41. Nf3 Re4 42. Rxh6 Qxh6 43. Qxg5+ Qxg5 44. Nxg5 Rxd4 45. Kg2 Rd2 46. Kf3 Nxh2+ 47. Kxe3 Nxf1+ 48. Bxf1 Rb2 49. b5 Rc8 50. Bd3 Kg7 51. Kd4 Kf6 52. Nh3 Rg2 53. Nf4 Rg1 54. Ne2 Re1 55. Nf4 Rg8 56. Be2 Rxe2 57. Nxe2 Rg4+ 58. Ke3 Rxc4 59. Nd4 Rc5 60. Kf4 Rxd5 0-1


[Site "https://www.chess.com"]